 Dungeon Crawl Stone Soup version 0.25-a0-474-ga8a2ee3166 (webtiles) character file.

Game seed: 1710858574730027926, levelgen mode: deterministic

318 kae the Sneak (level 6, -1/32 HPs)
             Began as a Kobold Enchanter on Feb 7, 2020.
             Killed from afar by an orc wizard (9 damage)
             ... with a magic dart
             ... on level 4 of the Dungeon.
             The game lasted 00:05:08 (3783 turns).

kae the Sneak (Kobold Enchanter)                    Turns: 3783, Time: 00:05:09

Health: -1/32      AC:  2    Str:  5    XL:     6   Next: 74%
Magic:  3/10       EV: 16    Int: 16    God:
Gold:   247        SH:  5    Dex: 18    Spells: 8/11 levels left

rFire    . . .     SeeInvis .   n - +0 short sword (venom)
rCold    . . .     Gourm    .   c - +0 buckler
rNeg     . . .     Faith    .   b - +0 robe
rPois    .         Spirit   .   (no helmet)
rElec    .         Reflect  .   (no cloak)
rCorr    .         Harm     .   (no gloves)
MR       .....                  (no boots)
Stlth    +++.......             (no amulet)
HPRegen  0.10/turn              (no ring)
MPRegen  0.12/turn              (no ring)

@: very slightly contaminated
A: small, carnivore
a: no special abilities


You were on level 4 of the Dungeon.
You were completely stuffed.

You visited 1 branch of the dungeon, and saw 4 of its levels.

You collected 247 gold pieces.

Inventory:

Hand Weapons
 a - a +2 dagger
 n - a +0 short sword of venom (weapon)
Armour
 b - a +0 robe (worn)
 c - a +0 buckler (worn)
Jewellery
 j - an uncursed amulet of the acrobat {unknown}
 r - an uncursed amulet of faith {unknown}
Wands
 f - a wand of acid (3)
 q - a wand of flame (11)
Scrolls
 g - a scroll of fear
Potions
 e - 4 potions of mutation
 h - a potion of curing {unknown}
 i - a potion of lignification {unknown}
 k - a potion of agility {unknown}
 l - a potion of degeneration {unknown}
 m - a potion of flight {unknown}
 o - 2 potions of heal wounds
Comestibles
 d - 12 rations
 p - 6 chunks of flesh


   Skills:
 * Level 4.7 Short Blades
 + Level 3.6 Dodging
 + Level 5.3 Stealth
 + Level 1.3 Shields
 + Level 3.2 Spellcasting
 + Level 3.8 Hexes


You had 8 spell levels left.
You knew the following spells:

 Your Spells              Type           Power        Failure   Level  Hunger
a - Corona                Hex            ##.....      5%          1    None
b - Ensorcelled Hibernat  Hex/Ice        #.....       19%         2    ##.....

Your spell library contained the following spells:

 Spells                   Type           Power        Failure   Level  Hunger
 Confusing Touch          Hex            ##......     17%         3    ###....
 Tukima's Dance           Hex            ##......     17%         3    ###....
 Dazzling Flash           Conj/Hex       #.....       36%         3    ###....


Dungeon Overview and Level Annotations

Branches:
Dungeon (4/15)
 Temple: D:4-7

Altars:
Ashenzari
Zin

Annotations:
D:4 3 runed translucent doors, Yorgos's ghost, amateur GrFi


Innate Abilities, Weirdness & Mutations

You are small and have problems with some larger weapons.
You are carnivorous and can eat meat at any time.


Message History

Beogh smites you!
You hear a shout!
Casting: Ensorcelled Hibernation (safe; 19% risk of failure)
Confirm with . or Enter, or press ? or * to list all spells.
Aiming: Ensorcelled Hibernation (safe; 19% risk of failure)
Press: ? - help, Shift-Dir - straight line, f/p - orc priest
Aim: an orc priest, wielding a +0 club and wearing a +0 chain mail of positive energy (chance to defeat MR: 39%)
The orc priest looks drowsy...
You hear a shout!
The orc hits you.
* * * LOW HITPOINT WARNING * * *
The helpless orc priest fails to defend itself.
You impale the orc priest!!
You kill the orc priest!
An orc wizard comes into view. It is wielding a +0 dagger.
The orc closely misses you.
Some of the chunks of flesh in your inventory have rotted away.
The orc wizard points at you and mumbles some strange words.
The magic dart hits you!
You die...

####### #..# ..#Z#..######..##
##../$.##...##o..#
#.......#....)...##
##.....##.........###
#.....ZW#......###..###
###+++###....### ###..# ..
##........o..## ##.# ..
#.......@...## ### .#
##..###.....## .# ##..##
##...## # ##..## #...# #
##...# ##..#### ## ##...##
##.....#### ### .###...##
####..#......####.#
.......#####....#####.......##
#)..............# ###....##


You could see an orc wizard, Yorgos's ghost, an orc, a leopard gecko zombie and
a leopard gecko skeleton (wandering).

Vanquished Creatures
  An ogre (D:4)
  A howler monkey (D:3)
  An orc priest (D:4)
  An orc wizard (D:4)
  5 adders
  An ooze (D:2)
  2 dart slugs
  4 leopard geckos
  4 orcs
  A ball python (D:1)
  7 bats
  7 giant cockroaches
  8 goblins
  13 hobgoblins
  2 jackals (D:1)
  A quokka (D:4)
  6 frilled lizards
  8 kobolds
  9 rats
82 creatures vanquished.

Notes
Turn   | Place    | Note
-------+----------+-------------------------------------------
     0 | D:1      | kae the Kobold Enchanter began the quest for the Orb.
     0 | D:1      | Reached XP level 1. HP: 10/10 MP: 3/3
   390 | D:1      | Reached XP level 2. HP: 8/15 MP: 1/5
  1077 | D:1      | Learned a level 2 spell: Ensorcelled Hibernation
  1096 | D:1      | Reached XP level 3. HP: 10/19 MP: 4/6
  1943 | D:2      | Reached XP level 4. HP: 24/24 MP: 4/7
  2391 | D:2      | Found a glowing silver altar of Zin.
  2681 | D:3      | Reached XP level 5. HP: 28/28 MP: 9/9
  2883 | D:3      | Found a shattered altar of Ashenzari.
  2887 | D:3      | Saw a vision of the Shoals and the Spider Nest.
  2887 | D:3      | Noticed a redback
  2887 | D:3      | Noticed a redback
  2887 | D:3      | Noticed a redback
  2887 | D:3      | Noticed a redback
  2887 | D:3      | Noticed a redback
  2887 | D:3      | Noticed a merfolk
  2887 | D:3      | Noticed a sea snake
  2887 | D:3      | Noticed a merfolk
  2887 | D:3      | Noticed a merfolk
  2887 | D:3      | Noticed a merfolk
  2887 | D:3      | Noticed a merfolk
  2887 | D:3      | Noticed a merfolk
  3309 | D:4      | Noticed an ogre
  3408 | D:4      | Found a runed translucent gate.
  3409 | D:4      | Found a runed translucent gate.
  3410 | D:4      | Found a runed translucent gate.
  3413 | D:4      | Noticed Yorgos's ghost (amateur GrFi)
  3460 | D:4      | Reached skill level 5 in Stealth
  3460 | D:4      | Reached skill level 1 in Shields
  3460 | D:4      | Reached XP level 6. HP: 19/32 MP: 3/10
  3655 | D:4      | Killed an ogre
  3783 | D:4      | Killed from afar by an orc wizard

Levels and vault maps discovered:
D:1:      onia_arrival_mini_maze_b, layout_loops_ring
D:2:      layout_basic, zin_academy, minivault_5
D:3:      corexii_shack_village, layout_loops_cross, first_ration,
          grunt_ashenzari_visionary [grunt_ashenzari_visionary_shoals,
          grunt_ashenzari_visionary_spider]
D:4:      layout_layer_cave, gammafunk_ghost_necromancy

Skill      XL: |  1  2  3  4  5 |
---------------+----------------+-----
Short Blades   | 2 3 4 |  4.7
Dodging        | 3 |  3.6
Spellcasting   | 3 |  3.2
Stealth        | 5 |  5.3
Shields        | 1 |  1.3
Hexes          | |  3.8

Action                   |  1- 3 |  4- 6 || total
-------------------------+-------+-------++-------
Melee: Dagger            |   137 |    65 ||   202
       Short sword       |       |    58 ||    58
 Cast: Corona            |    18 |     4 ||    22
       Ensorcelled Hiber |     3 |    19 ||    22
  Use: Potion            |     1 |       ||     1
       Scroll            |     3 |     2 ||     5
 Stab: Sleeping          |    16 |    22 ||    38
  Eat: Chunk             |    10 |     9 ||    19
Armor: Robe              |    22 |     9 ||    31
Dodge: Dodged            |   113 |    64 ||   177
Block: Buckler           |     3 |    21 ||    24

Table legend:
 A = Non-vault XP
 B = Vault XP
 C = Vault XP percentage of total XP
 D = Non-vault monster count
 E = Vault monster count
 F = Vault count percentage of total count
                 A         B        C        D         E       F
            +---------+---------+-------+---------+---------+-------
      Total |     446 |       9 |   2.0 |      77 |       5 |   6.1
            +---------+---------+-------+---------+---------+-------
        D:1 |      44 |       0 |   0.0 |      26 |       0 |   0.0
        D:2 |      88 |       0 |   0.0 |      27 |       0 |   0.0
        D:3 |     104 |       9 |   8.0 |      17 |       5 |  22.7
        D:4 |     210 |       0 |   0.0 |       7 |       0 |   0.0
            +---------+---------+-------+---------+---------+-------
